[gd_scene load_steps=7 format=2]

[ext_resource path="res://sword/sprites/sword.png" type="Texture" id=1]
[ext_resource path="res://sword/sprites/laser.png" type="Texture" id=2]
[ext_resource path="res://sword/sprites/katana.png" type="Texture" id=3]
[ext_resource path="res://sword/Sword.gd" type="Script" id=4]

[sub_resource type="CircleShape2D" id=1]

[sub_resource type="RectangleShape2D" id=2]
extents = Vector2( 90.2213, 24.5635 )

[node name="Sword" type="KinematicBody2D"]
script = ExtResource( 4 )

[node name="CollisionShape2D" type="CollisionShape2D" parent="."]
position = Vector2( 54.0237, -54.3938 )
shape = SubResource( 1 )
disabled = true

[node name="Steel" type="RigidBody2D" parent="."]
collision_layer = 2
collision_mask = 2
gravity_scale = -50.0
angular_damp = 50.0

[node name="CollisionShape2D" type="CollisionShape2D" parent="Steel"]
position = Vector2( 3.43062, -3.04003 )
rotation = -0.777547
shape = SubResource( 2 )

[node name="Sword" type="Sprite" parent="Steel"]
position = Vector2( -5.16799, 3.69602 )
rotation = 0.787102
texture = ExtResource( 1 )

[node name="Laser" type="Sprite" parent="Steel"]
visible = false
position = Vector2( -5.16799, 3.69602 )
rotation = 0.787102
texture = ExtResource( 2 )

[node name="Katana" type="Sprite" parent="Steel"]
visible = false
position = Vector2( -5.16799, 3.69602 )
rotation = 0.787102
texture = ExtResource( 3 )

[node name="PinJoint2D" type="PinJoint2D" parent="."]
position = Vector2( -42.5994, 41.932 )
node_a = NodePath("../Steel")
node_b = NodePath("..")
softness = 1.0

[node name="Swing" type="AudioStreamPlayer" parent="."]
bus = "Sword"
